 Dungeon Crawl Stone Soup version 0.29.0-11-gd7f09526c8 (webtiles) character file.

Game seed: 10421478952587572085

333 pacmanke6689 the Chopper (level 6, -4/56 HPs)
             Began as a Hill Orc Fighter on Sept 6, 2022.
             Slain by a sky beast (6 damage)
             ... on level 4 of the Dungeon.
             The game lasted 00:05:16 (2978 turns).

pacmanke6689 the Chopper (Hill Orc Fighter)         Turns: 2978, Time: 00:05:17

Health: -4/56      AC:  8    Str: 21    XL:     6   Next: 53%
Magic:  6/6        EV:  9    Int:  8    God:
Gold:   229        SH:  4    Dex: 10    Spells: 5/5 levels left

rFire   . . .      SeeInvis .   a - +0 war axe
rCold   . . .      Faith    .   c - +0 buckler
rNeg    . . .      Spirit   .   b - +1 scale mail
rPois   .          Reflect  .   (no helmet)
rElec   .          Harm     .   (no cloak)
rCorr   .          Rampage  .   (no gloves)
Will    .....                   (no boots)
Stlth   ..........              (no amulet)
HPRegen 0.18/turn               (no ring)
MPRegen 0.10/turn               (no ring)

@: no status effects
A: no striking features
a: no special abilities


You were on level 4 of the Dungeon.
You visited 1 branch of the dungeon, and saw 4 of its levels.

You collected 229 gold pieces.

Inventory:

Hand Weapons
 a - a +0 war axe (weapon)
Armour
 b - a +1 scale mail (worn)
 c - a +0 buckler (worn)
Jewellery
 e - a ring of magical power
Scrolls
 f - a scroll of fear
 i - a scroll of identify
 j - a scroll of summoning
 k - a scroll of teleportation
Potions
 g - a potion of brilliance


   Skills:
 + Level 5.1 Fighting
 + Level 5.7 Axes
 + Level 4.5 Armour
 + Level 1.0 Dodging
 + Level 0.1 Stealth
 + Level 4.2 Shields


You had 5 spell levels left.
You didn't know any spells.
Your spell library contained the following spells:

 Spells                   Type           Power      Damage    Failure   Level
 Shock                    Conj/Air       0%         1d3       83%         1
 Swiftness                Air            0%         N/A       99%         3
 Airstrike                Air            0%         2d(0-16)  100%        4


Dungeon Overview and Level Annotations

Branches:
Dungeon (4/15)
 Temple: D:4-7

Altars:
Ashenzari


Message History

Deactivating autopickup; reactivate with Ctrl-A.
Your life force feels restored.
You hit something.
You hear some strange, mumbled words.
A magic dart appears from out of thin air!
The magic dart hits you.
* * * LOW HITPOINT WARNING * * *
You barely miss something.
Something hits you but does no damage. x2
You hit something. Something hits you but does no damage.
You slash something!
Reactivating autopickup.
You feel a bit more experienced.
Your Dodging skill increases to level 1!
A sky beast comes into view.
You start resting.
A sky beast is nearby!
A sky beast is nearby!
You open the door.
There is an open door here.
You start resting.
A sky beast is nearby!
Okay, then.
You miss the sky beast. The sky beast barely misses you.
You miss the sky beast.
The sky beast hits you but does no damage.
The sky beast flickers out of sight!
Deactivating autopickup; reactivate with Ctrl-A.
Something hits you. Something shocks you.
* * * LOW HITPOINT WARNING * * *
You miss something. Something hits you but does no damage.
You closely miss something. Something hits you but does no damage.
You miss something. Something hits you but does no damage.
You miss something. Something hits you but does no damage. Something hits you.
* * * LOW HITPOINT WARNING * * *
Something shocks you.
* * * LOW HITPOINT WARNING * * *
You barely miss something. Something hits you.
* * * LOW HITPOINT WARNING * * *
Something shocks you.
You die...

#####.....#
#####..#......# #
#......#......# ..
+..##..##.....# ...
#..###'##)...## ....
#........)....# .....
#.......))....#
......#{###<.##'#####
#..@..####))....#
#.............Y.#
#...............#
#...............#
#...............#
#...............#
#.........#+#####
####+#....#


There were no monsters in sight!

Vanquished Creatures
  An ice beast (D:3)
  An ogre (D:3)
  2 orc wizards (D:4)
  3 adders
  6 orcs
  4 bats
  5 endoplasms (D:1)
  A giant cockroach (D:2)
  13 goblins
  5 hobgoblins
  A quokka (D:3)
  7 ball pythons
  4 frilled lizards
  4 kobolds
  6 rats
63 creatures vanquished.

Vanquished Creatures (collateral kills)
  A ball python (D:2)
1 creature vanquished.

Grand Total: 64 creatures vanquished

Notes
Turn   | Place    | Note
-------+----------+-------------------------------------------
     0 | D:1      | pacmanke6689 the Hill Orc Fighter began the quest for the
                  | Orb.
     0 | D:1      | Reached XP level 1. HP: 19/19 MP: 1/1
   144 | D:1      | Reached XP level 2. HP: 16/27 MP: 2/2
   541 | D:1      | Found a faded altar of an unknown god.
   744 | D:2      | Reached XP level 3. HP: 33/33 MP: 3/3
  1924 | D:3      | Reached XP level 4. HP: 41/41 MP: 4/4
  2051 | D:3      | Noticed an ice beast
  2058 | D:3      | Killed an ice beast
  2059 | D:3      | Reached XP level 5. HP: 47/47 MP: 5/5
  2225 | D:3      | Found a broken altar of Ashenzari.
  2656 | D:3      | Noticed an ogre
  2687 | D:3      | Killed an ogre
  2688 | D:3      | Reached skill level 5 in Fighting
  2688 | D:3      | Reached skill level 5 in Axes
  2688 | D:3      | Reached XP level 6. HP: 33/56 MP: 6/6
  2931 | D:4      | Reached skill level 1 in Dodging
  2955 | D:4      | Noticed a sky beast
  2978 | D:4      | HP: 2/56 [something (2)]
  2978 | D:4      | Slain by a sky beast

Illustrated notes

Levels and vault maps discovered:
D:1:      psy_arrival_radial01, layout_rooms, basic_ecumenical_altar
D:2:      layout_basic, chequers_arboretum
D:3:      minmay_general_purpose_star, layout_loops_ring, ashenzari_altar_1,
          minmay_ogre_servants
D:4:      layout_gridville, nemelex_diamond_rough_becter, serial_rivers,
          chequers_serial_rivers_small_a, chequers_serial_rivers_large_b,
          chequers_serial_rivers_micro_b, chequers_serial_rivers_micro_b

Skill      XL: |  1  2  3  4  5  6 |
---------------+-------------------+-----
Axes           | 3 4 5 |  5.7
Fighting       | 4 5 |  5.1
Armour         | 4 |  4.5
Shields        | 4 |  4.2
Dodging        | 1 |  1.0
Stealth        | |  0.1

Action                   |  1- 3 |  4- 6 || total
-------------------------+-------+-------++-------
Melee: War axe           |    92 |    97 ||   189
  Use: Scroll            |     7 |     4 ||    11
       Potion            |       |     4 ||     4
Armor: Scale mail        |    40 |    64 ||   104
Dodge: Dodged            |    42 |    39 ||    81
Block: Buckler           |    17 |    26 ||    43
